 Dungeon Crawl Stone Soup version 0.25-a0-365-g7600c65 (webtiles) character file.

Game seed: 17408229804393027314, levelgen mode: deterministic

39 relicbr the Chopper (level 3, 0/30 HPs)
             Began as a Minotaur Gladiator on Jan 5, 2020.
             Slain by a worm (6 damage)
             ... on level 2 of the Dungeon.
             The game lasted 00:01:54 (642 turns).

relicbr the Chopper (Minotaur Gladiator)             Turns: 642, Time: 00:01:55

Health: 0/30       AC:  4    Str: 18    XL:     3   Next: 28%
Magic:  2/2        EV: 13    Int:  5    God:
Gold:   0          SH:  0    Dex: 12    Spells: 2/2 levels left

rFire    . . .     SeeInvis .   a - +0 war axe
rCold    . . .     Gourm    .   (no shield)
rNeg     . . .     Faith    .   o - +0 leather armour
rPois    .         Spirit   .   c - +0 hat
rElec    .         Reflect  .   (no cloak)
rCorr    .         Harm     .   (no gloves)
MR       .....                  e - +0 pair of boots
Stlth    +.........             (no amulet)
HPRegen  0.10/turn              (no ring)
MPRegen  0.08/turn              (no ring)

@: no status effects
A: retaliatory headbutt, horns 2
a: no special abilities


You were on level 2 of the Dungeon.
You were not hungry.

You visited 1 branch of the dungeon, and saw 2 of its levels.

Inventory:

Hand Weapons
 a - a +0 war axe (weapon)
 b - a +0 dagger of venom
Missiles
 g - 39 poisoned darts (quivered)
Armour
 c - a +0 hat (worn)
 e - a +0 pair of boots (worn)
 o - a +0 leather armour (worn)
Scrolls
 h - a scroll of amnesia {unknown}
 j - 2 scrolls of remove curse {unknown}
 k - a scroll of blinking {unknown}
 l - a scroll of enchant armour {unknown}
 m - a scroll of teleportation {unknown}
 q - a scroll of identify {unknown}
Potions
 i - a potion of heal wounds {unknown}
 n - a potion of curing {unknown}
 p - a potion of magic {unknown}
Comestibles
 f - 2 rations


   Skills:
 - Level 2.4 Fighting
 * Level 5.3 Axes
 - Level 2.0 Throwing
 - Level 3.2 Dodging


You had 2 spell levels left.
You didn't know any spells.
Your spell library was empty.

Dungeon Overview and Level Annotations

Branches:
Dungeon (1/15)

Altars:


Innate Abilities, Weirdness & Mutations

You reflexively headbutt those who attack you in melee.
You have a pair of horns on your head.


Message History

Aim: a worm (lightly wounded, very poisoned)
You throw a poisoned dart. The poisoned dart hits the worm.
The worm looks as sick as possible!
The worm is lightly wounded.
Throwing (i - inventory)
g - 41 poisoned darts (quivered)
Press: ? - help, Shift-Dir - straight line, f/p - worm
Aim: a worm (moderately wounded, extremely poisoned)
You throw a poisoned dart.
The poisoned dart barely misses the worm.
The poisoned dart hits the worm.
The worm is poisoned.
Throwing (i - inventory)
g - 40 poisoned darts (quivered)
Press: ? - help, Shift-Dir - straight line, f/p - worm
Aim: a worm (moderately wounded, extremely poisoned)
You throw a poisoned dart.
The poisoned dart completely misses the worm.
The poisoned dart hits the worm.
The worm looks even sicker.
You barely miss the worm. Your headbutt misses the worm.
The worm is moderately wounded.
The worm bites you.
You die...

# #.#.#........ #.
............ ... .."........
....####.#.......%.
###.................
#...................
##.............
#####..#####.......
♣♣######.@...## ##w......
♣≈......w.....####........
≈...###w####..).w........
###..##(# ######........
#...(#########........
###.....(ww.†.....(...
..######.......#####........
...........###....#####.....
♣###..###### ####... .....


You could see 2 worms.

Vanquished Creatures
  An adder (D:2)
  A worm (D:2)
  A dart slug (D:2)
  A leopard gecko (D:1)
  4 giant cockroaches (D:1)
  4 goblins
  2 hobgoblins (D:1)
  A kobold (D:1)
  A ball python (D:1)
  4 bats (D:1)
  3 frilled lizards
23 creatures vanquished.

Notes
Turn   | Place    | Note
-------+----------+-------------------------------------------
     0 | D:1      | relicbr the Minotaur Gladiator began the quest for the Orb.
     0 | D:1      | Reached XP level 1. HP: 18/18 MP: 0/0
    93 | D:1      | Reached skill level 4 in Axes
   264 | D:1      | Reached XP level 2. HP: 25/25 MP: 1/1
   563 | D:1      | You fall into a shaft and drop 1 floor!
   568 | D:2      | Reached skill level 5 in Axes
   615 | D:2      | Reached XP level 3. HP: 3/30 MP: 2/2
   642 | D:2      | Slain by a worm

Levels and vault maps discovered:
D:1:      scummos_arrival_simple_fountains, layout_loops_corners,
          minmay_tree_intersection
D:2:      layout_rooms, first_ration, serial_bayou_lagoon_b, uniq_robin

Skill      XL: |  1  2 |
---------------+-------+-----
Axes           | 4 5 |  5.3
Fighting       | |  2.4
Throwing       | |  2.0
Dodging        | |  3.2

Action                   || total
-------------------------++-------
Melee: War axe           ||    17
       Headbutt          ||    10
       Dagger            ||    21
Throw: Throwing net      ||     3
       Dart              ||    12
Armor: Leather armour    ||    13
Dodge: Dodged            ||    32

Table legend:
 A = Non-vault XP
 B = Vault XP
 C = Vault XP percentage of total XP
 D = Non-vault monster count
 E = Vault monster count
 F = Vault count percentage of total count
                 A         B        C        D         E       F
            +---------+---------+-------+---------+---------+-------
      Total |      57 |       0 |   0.0 |      23 |       0 |   0.0
            +---------+---------+-------+---------+---------+-------
        D:1 |      32 |       0 |   0.0 |      18 |       0 |   0.0
        D:2 |      25 |       0 |   0.0 |       5 |       0 |   0.0
            +---------+---------+-------+---------+---------+-------
